 Dungeon Crawl Stone Soup version 0.22-a0-83-g218e7ff (webtiles) character file.

15 Deaus the Shield-Bearer (level 2, 0/16 HPs)
             Began as a Vine Stalker Fighter on Jan 19, 2018.
             Slain by a worm (6 damage)
             ... on level 2 of the Dungeon.
             The game lasted 00:01:06 (858 turns).

Deaus the Shield-Bearer (Vine Stalker Fighter)       Turns: 858, Time: 00:01:07

Health: 0/16       AC:  7    Str: 18    XL:     2   Next: 50%
Magic:  0/3        EV:  7    Int:  8    God:
Gold:   129        SH:  9    Dex: 13    Spells: 1/1 levels left

rFire    . . .     SeeInvis .   a - +0 long sword
rCold    . . .     Gourm    .   c - +0 shield
rNeg     . . .     Faith    .   b - +0 scale mail
rPois    .         Spirit   +   (no helmet)
rElec    .         Reflect  .   (no cloak)
rCorr    .         Harm     .   (no gloves)
MR       .....                  j - +0 pair of boots
Stlth    ..........             (no amulet)
HPRegen  0.05/turn              (no ring)
MPRegen  0.08/turn              (no ring)

@: no status effects
A: fangs 2, magic shield, antimagic bite, no potion heal 3, rot immunity
a: no special abilities


You were on level 2 of the Dungeon.
You were not hungry.

You visited 1 branch of the dungeon, and saw 2 of its levels.

You collected 129 gold pieces.

Inventory:

Hand Weapons
 a - a +0 long sword (weapon)
Armour
 b - a +0 scale mail (worn)
 c - a +0 shield (worn)
 j - a +0 pair of boots (worn)
Jewellery
 l - an uncursed ring of fire {unknown}
Scrolls
 e - a scroll of enchant armour {unknown}
 g - 4 scrolls of identify {unknown}
 h - 2 scrolls of enchant weapon {unknown}
 i - a scroll of amnesia {unknown}
 m - a scroll of remove curse {unknown}
 n - a scroll of teleportation {unknown}
Potions
 d - a potion of might
Comestibles
 f - 3 rations


   Skills:
 + Level 2.7 Fighting
 * Level 2.0 Long Blades
 * Level 2.7 Armour
 * Level 0.3 Dodging
 + Level 2.8 Shields


You had one spell level left.
You didn't know any spells.

Dungeon Overview and Level Annotations

Branches:
Dungeon (2/15)

Altars:
Dithmenos
Xom


Innate Abilities, Weirdness & Mutations

You have extremely sharp teeth.
When hurt, damage is shared between your health and your magic reserves.
Your bite disrupts and absorbs the magic of your enemies.
Potions cannot restore your health.
You are immune to rotting.


Message History

The worm bites you.
You barely miss the worm. You bite the worm. You drain its power.
You feel invigorated.
The worm is lightly wounded.
The worm bites you.
You hit the worm but do no damage.
The worm is lightly wounded.
You block the worm's attack.
You slash the worm! You bite the worm, but do no damage.
The worm is heavily wounded.
You slash the worm!
The worm is almost dead.
The worm bites you.
You are too injured to fight recklessly!
You are too injured to fight recklessly!
You are too injured to fight recklessly!
You hit the worm but do no damage. Your bite misses the worm.
The worm is almost dead.
The worm bites you!
You die...

##. ###... ..
..... #. #... ..
#..#. #... #
#..###.# #+#
#...@w.# #.###
##.#####
#.<.#########.#
##.............#
.....###########
#....# ....##
...## ..##


You could see a worm.

Vanquished Creatures
  A leopard gecko (D:2)
  4 bats (D:1)
  A goblin (D:1)
  2 hobgoblins
  5 kobolds (D:1)
  A rat (D:1)
14 creatures vanquished.

Notes
Turn   | Place    | Note
-------+----------+-------------------------------------------
     0 | D:1      | Deaus the Vine Stalker Fighter began the quest for the Orb.
     0 | D:1      | Reached XP level 1. HP: 11/11 MP: 2/2
   116 | D:1      | Found a shimmering altar of Xom.
   194 | D:1      | Reached XP level 2. HP: 16/16 MP: 3/3
   634 | D:2      | Found a shadowy altar of Dithmenos.
   858 | D:2      | Slain by a worm

Vault maps used:
D:1:      dpeg_arrival_renting, minmay_tree_intersection, xom_teletrap_fun
D:2:      nicolae_dithmenos_through_a_glass_darkly, lemuel_round_altar

Skill      XL: |  1  2 |
---------------+-------+-----
Long Blades    | 2 |  2.0
Fighting       | |  2.7
Armour         | |  2.7
Dodging        | |  0.3
Shields        | |  2.8

Action                   || total
-------------------------++-------
Melee: Long sword        ||    43
       Bite              ||     7
Armor: Scale mail        ||    21
Dodge: Dodged            ||    19
Block: Shield            ||    23
       Rpst.: Long sword ||     5

Table legend:
 A = Spawn XP
 B = Non-spawn XP
 C = Spawn XP percentage of total XP
 D = Spawn monster count
 E = Non-spawn monster count
 F = Spawn count percentage of total count
 G = Total turns spent on level
                    A         B        C        D         E        F      G
               +---------+---------+-------+---------+---------+-------+---------
         Total |       0 |      22 |   0.0 |       0 |      14 |   0.0 |   858
               +---------+---------+-------+---------+---------+-------+---------
           D:1 |       0 |      17 |   0.0 |       0 |      12 |   0.0 |   603
           D:2 |       0 |       5 |   0.0 |       0 |       2 |   0.0 |   255
               +---------+---------+-------+---------+---------+-------+---------
